[Event "SWE-ch Class 1 2019"]
[Site "Eskilstuna"]
[Date "2019.07.12"]
[Round "5.7"]
[White "Jonsson, Krister"]
[Black "Akerlund, Fredrik"]
[Result "1-0"]
[ECO "E81"]
[WhiteElo "2068"]
[BlackElo "1815"]
[Annotator "NA"]
[PlyCount "99"]
[EventDate "2019.07.06"]
[EventType "tourn"]
[EventCountry "SWE"]
[SourceTitle "playchess.com"]
[Source "ChessBase"]
[SourceQuality "1"]
[TimeControl "40/5400+30:1800+30"]

1. d4 Nf6 2. c4 g6 3. Nc3 Bg7 4. e4 d6 5. f3 O-O 6. Be3 c5 7. Nge2 Nc6 8. d5 Ne5 9. Nc1 e6 10. Be2 exd5 11. cxd5 a6 12. a4 b6 13. O-O h5 14. h3 Nh7 15. f4 Nd7 16. Bf3 Rb8 17. Nb3 Re8 18. Qd3 Ndf8 19. Nd2 Qh4 20. Nc4 Qe7 21. Rfe1 f5 22. Bf2 Qc7 23. e5 dxe5 24. d6 Qf7 25. Nxe5 Bxe5 26. fxe5 Ng5 27. Bd5 Nfe6 28. h4 Nh7 29. Rad1 Rd8 30. Be3 Nhf8 31. Bg5 Re8 32. Be7 Rxe7 33. dxe7 Qxe7 34. Bxe6+ Bxe6 35. Qd6 Rb7 36. Qxe7 Rxe7 37. Nd5 Rb7 38. Nf6+ Kf7 39. Rd6 a5 40. Nd5 Bxd5 41. Rxd5 Ne6 42. Re3 Nd4 43. Kf1 f4 44. Re4 Ke6 45. Rd6+ Kf5 46. Re1 Nc2 47. Rf6+ Kg4 48. Rxg6+ Kxh4 49. Rc1 Ne3+ 50. Ke2 1-0

[Event "SWE-ch Class 1 2019"]
[Site "Eskilstuna"]
[Date "2019.07.12"]
[Round "5.8"]
[White "Willinger, Tim"]
[Black "Magnussen, Pal"]
[Result "1-0"]
[ECO "A57"]
[WhiteElo "2053"]
[BlackElo "1985"]
[Annotator "NA"]
[PlyCount "87"]
[EventDate "2019.07.06"]
[EventType "tourn"]
[EventCountry "SWE"]
[SourceTitle "playchess.com"]
[Source "ChessBase"]
[SourceQuality "1"]
[TimeControl "40/5400+30:1800+30"]

1. d4 Nf6 2. c4 c5 3. d5 b5 4. cxb5 a6 5. b6 Qxb6 6. Nc3 g6 7. Nf3 Bg7 8. e4 d6 9. Nd2 O-O 10. Be2 Nbd7 11. Nc4 Qc7 12. Bf4 Bb7 13. O-O Rfb8 14. Rc1 Nb6 15. Ne3 Bc8 16. b3 Bd7 17. Qc2 Nc8 18. Bg5 Bb5 19. Kh1 Bxe2 20. Qxe2 Rb4 21. Nc4 Nd7 22. Na4 Qd8 23. Bd2 Rb5 24. Bc3 Qf8 25. f4 Bxc3 26. Rxc3 Qg7 27. Rcf3 f6 28. e5 Ndb6 29. exd6 exd6 30. Qe6+ Qf7 31. Qxf7+ Kxf7 32. Naxb6 Rxb6 33. Nxb6 Nxb6 34. f5 g5 35. Rh3 Kg7 36. Re1 Ra7 37. Rhe3 Nxd5 38. Rd3 Ne7 39. Rxd6 Nxf5 40. Rc6 g4 41. Rxc5 Nh4 42. Rec1 Kg6 43. Rc7 Ra8 44. Rc8 1-0

[Event "SWE-ch Class 1 2019"]
[Site "Eskilstuna"]
[Date "2019.07.12"]
[Round "5.9"]
[White "Thollin, Robert"]
[Black "Grundel, Sam"]
[Result "1/2-1/2"]
[ECO "B31"]
[WhiteElo "1983"]
[BlackElo "2069"]
[Annotator "NA"]
[PlyCount "26"]
[EventDate "2019.07.06"]
[EventType "tourn"]
[EventCountry "SWE"]
[SourceTitle "playchess.com"]
[Source "ChessBase"]
[SourceQuality "1"]
[TimeControl "40/5400+30:1800+30"]

1. e4 c5 2. Nf3 Nc6 3. Bb5 g6 4. O-O Bg7 5. Nc3 Nd4 6. Bc4 d6 7. Nxd4 Bxd4 8. d3 e6 9. a4 a6 10. Ne2 Bg7 11. c3 Qc7 12. f4 Ne7 13. Bb3 d5 1/2-1/2

[Event "SWE-ch Class 1 2019"]
[Site "Eskilstuna"]
[Date "2019.07.12"]
[Round "5.10"]
[White "Karlsson, Roger"]
[Black "Carnstam, Tomas"]
[Result "0-1"]
[ECO "B26"]
[WhiteElo "1915"]
[BlackElo "1967"]
[Annotator "NA"]
[PlyCount "80"]
[EventDate "2019.07.06"]
[EventType "tourn"]
[EventCountry "SWE"]
[SourceTitle "playchess.com"]
[Source "ChessBase"]
[SourceQuality "1"]
[TimeControl "40/5400+30:1800+30"]

1. e4 c5 2. Nc3 Nc6 3. g3 g6 4. Bg2 Bg7 5. d3 e6 6. Be3 d6 7. Qd2 Qb6 8. Nd1 Bd7 9. c3 Rc8 10. Ne2 h5 11. O-O h4 12. g4 h3 13. Bh1 e5 14. g5 f5 15. f4 Nge7 16. Nf2 a5 17. Rad1 Nd4 18. Ng3 Ne6 19. Ne2 Nc6 20. Rde1 Kd8 21. Nd1 Ne7 22. c4 exf4 23. Nxf4 Nxg5 24. Nxg6 Nxg6 25. Bxg5+ Kc7 26. exf5 Bd4+ 27. Be3 Ne5 28. Bd5 Rhg8+ 29. Kh1 Rg2 30. Re2 Rcg8 31. Bxd4 cxd4 32. Rxg2 hxg2+ 33. Bxg2 Bc6 34. Rf2 Ng4 35. Re2 Ne3 36. Nxe3 dxe3 37. Qe1 Rxg2 38. Rxg2 Qxb2 39. Qf1 e2 40. Qe1 Qg7 0-1

[Event "SWE-ch Class 1 2019"]
[Site "Eskilstuna"]
[Date "2019.07.13"]
[Round "6.1"]
[White "Bernhard, Jonathan"]
[Black "Halvarsson, Peter"]
[Result "1-0"]
[ECO "E70"]
[WhiteElo "1917"]
[BlackElo "1903"]
[Annotator "NA"]
[PlyCount "67"]
[EventDate "2019.07.06"]
[EventType "tourn"]
[EventCountry "SWE"]
[SourceTitle "playchess.com"]
[Source "ChessBase"]
[SourceQuality "1"]
[TimeControl "40/5400+30:1800+30"]

1. d4 g6 2. e4 Bg7 3. c4 c5 4. d5 d6 5. Ne2 Nf6 6. Nbc3 O-O 7. Ng3 e6 8. Be2 a6 9. O-O exd5 10. exd5 b5 11. cxb5 Nbd7 12. Bf4 Qc7 13. Qd2 Re8 14. h3 a5 15. Rac1 Nb6 16. b3 Rxe2 17. Qxe2 Nbxd5 18. Nxd5 Nxd5 19. Qe8+ Bf8 20. Bh6 Bb7 21. Rfe1 Nf6 22. Qe3 Nd5 23. Qd2 Qd7 24. Ne4 Be7 25. a4 Qf5 26. Re2 f6 27. Rce1 Kf7 28. Nc3 Re8 29. Nxd5 Qxd5 30. Qxd5+ Bxd5 31. Bf4 Bxb3 32. Bxd6 Bxa4 33. Rxe7+ Rxe7 34. Rxe7+ 1-0

[Event "SWE-ch Class 1 2019"]
[Site "Eskilstuna"]
[Date "2019.07.13"]
[Round "6.2"]
[White "Lyngsjo, Hakan"]
[Black "Attefall, Fredrik"]
[Result "1/2-1/2"]
[ECO "C24"]
[WhiteElo "2029"]
[BlackElo "2077"]
[Annotator "NA"]
[PlyCount "107"]
[EventDate "2019.07.06"]
[EventType "tourn"]
[EventCountry "SWE"]
[SourceTitle "playchess.com"]
[Source "ChessBase"]
[SourceQuality "1"]
[TimeControl "40/5400+30:1800+30"]

1. e4 e5 2. Bc4 Bc5 3. Nf3 d6 4. c3 Nf6 5. d3 h6 6. b4 Bb6 7. Nbd2 O-O 8. Bb3 Be6 9. Nc4 Nbd7 10. O-O Bg4 11. h3 Bh5 12. Ne3 c6 13. Nf5 d5 14. Qe2 Re8 15. g4 Bg6 16. N3h4 Nf8 17. Kh1 Bxf5 18. Nxf5 Qd7 19. Rg1 N6h7 20. c4 dxc4 21. Bxc4 Ne6 22. Bxe6 Rxe6 23. h4 Rd8 24. Rg3 g6 25. Nxh6+ Kf8 26. Rf3 f6 27. g5 Rd6 28. gxf6 Rxd3 29. Rxd3 Qxd3 30. Qxd3 Rxd3 31. Ng4 Rh3+ 32. Kg2 Rxh4 33. Nxe5 Rxe4 34. Bh6+ Ke8 35. f7+ Ke7 36. f4 Bd4 37. Rf1 Nf8 38. Bg7 Ne6 39. f5 gxf5 40. Rxf5 Bxe5 41. Bxe5 Re2+ 42. Kg3 Rxa2 43. Bf4 Ra1 44. Bg5+ Kd7 45. f8=Q Nxf8 46. Rxf8 b6 47. Rf7+ Ke6 48. Rc7 Kd5 49. Be7 Rg1+ 50. Kf2 Rg7 51. Rxa7 Ke6 52. Rc7 c5 53. bxc5 bxc5 54. Bd8 1/2-1/2

[Event "SWE-ch Class 1 2019"]
[Site "Eskilstuna"]
[Date "2019.07.13"]
[Round "6.3"]
[White "Bjorkman, Filip"]
[Black "Nordstrom, Felix"]
[Result "1/2-1/2"]
[ECO "D52"]
[WhiteElo "1956"]
[BlackElo "2064"]
[Annotator "NA"]
[PlyCount "83"]
[EventDate "2019.07.06"]
[EventType "tourn"]
[EventCountry "SWE"]
[SourceTitle "playchess.com"]
[Source "ChessBase"]
[SourceQuality "1"]
[TimeControl "40/5400+30:1800+30"]

1. d4 Nf6 2. c4 e6 3. Nf3 d5 4. Nc3 c6 5. Bg5 Nbd7 6. e3 Qa5 7. cxd5 Nxd5 8. Rc1 Bb4 9. a3 Nxc3 10. axb4 Nxd1 11. bxa5 Nxb2 12. Rc2 Na4 13. Rc4 b5 14. Rxc6 a6 15. Be2 Nf6 16. O-O Bd7 17. Rc2 h6 18. Bh4 Ke7 19. Nd2 Rhc8 20. Rfc1 Rxc2 21. Rxc2 Rc8 22. Rxc8 Bxc8 23. Ne4 g5 24. Nxg5 hxg5 25. Bxg5 Nc3 26. Kf1 b4 27. Bc4 Nce4 28. Bxf6+ Nxf6 29. Ke2 Bb7 30. f3 Nd7 31. Kd3 Nb8 32. Kc2 Nc6 33. Kb3 Nxa5+ 34. Kxb4 Nxc4 35. Kxc4 f5 36. Kc5 Bd5 37. h3 Kf6 38. Kb6 Bc4 39. g4 fxg4 40. hxg4 Be2 41. f4 Bxg4 42. e4 {[%emt 0:00:00] Ke5} 1/2-1/2

[Event "SWE-ch Class 1 2019"]
[Site "Eskilstuna"]
[Date "2019.07.13"]
[Round "6.4"]
[White "Kardell, Mathias"]
[Black "Forsberg, Andre"]
[Result "1-0"]
[ECO "C50"]
[WhiteElo "2064"]
[BlackElo "1982"]
[Annotator "NA"]
[PlyCount "43"]
[EventDate "2019.07.06"]
[EventType "tourn"]
[EventCountry "SWE"]
[SourceTitle "playchess.com"]
[Source "ChessBase"]
[SourceQuality "1"]
[TimeControl "40/5400+30:1800+30"]

1. e4 e5 2. Nf3 Nc6 3. Bc4 Bc5 4. d3 Nf6 5. O-O a6 6. Nc3 h6 7. a4 d6 8. Ne2 Bg4 9. c3 Bxf3 10. gxf3 Nh5 11. b4 Ba7 12. Kh1 Qh4 13. Ng3 Bxf2 14. Nxh5 g6 15. Nf6+ Ke7 16. Nd5+ Kd7 17. Qe2 Ba7 18. Be3 Bxe3 19. Qxe3 Rag8 20. a5 Rg7 21. b5 axb5 22. Bxb5 1-0

[Event "SWE-ch Class 1 2019"]
[Site "Eskilstuna"]
[Date "2019.07.13"]
[Round "6.5"]
[White "Jonsson, Krister"]
[Black "Muganlinskij, Hussein"]
[Result "1/2-1/2"]
[ECO "D11"]
[WhiteElo "2068"]
[BlackElo "2022"]
[Annotator "NA"]
[PlyCount "136"]
[EventDate "2019.07.06"]
[EventType "tourn"]
[EventCountry "SWE"]
[SourceTitle "playchess.com"]
[Source "ChessBase"]
[SourceQuality "1"]
[TimeControl "40/5400+30:1800+30"]

1. d4 d5 2. c4 c6 3. Nf3 Nf6 4. Qc2 g6 5. e3 Bg7 6. Nc3 O-O 7. b3 Bf5 8. Bd3 Bxd3 9. Qxd3 e6 10. O-O Re8 11. Rd1 Nbd7 12. Bb2 a6 13. Rd2 b5 14. Rc1 b4 15. Na4 Ne4 16. Rdc2 Nb6 17. cxd5 Nxa4 18. bxa4 cxd5 19. Ne5 Nd6 20. Nc6 Qb6 21. a5 Qb7 22. Qb3 Nc4 23. Nxb4 Nxa5 24. Qa4 Nc4 25. Nd3 Qb5 26. Nc5 Bf8 27. Bc3 Bxc5 28. Qxb5 axb5 29. dxc5 Rec8 30. Bb4 f5 31. g3 Kf7 32. Rb1 Ke8 33. Rb3 Kd7 34. Kg2 Kc6 35. a3 Ra4 36. Rcc3 g5 37. h3 h5 38. Rd3 g4 39. h4 Ne5 40. Rd1 Nf3 41. Kf1 Ne5 42. Ke2 Re8 43. Kf1 Nc4 44. Rc3 Rea8 45. Rdd3 R4a7 46. Rb3 Rf7 47. Rb1 Re8 48. Rdb3 Ra8 49. Rd3 e5 50. Kg2 Raf8 51. Be1 Ra8 52. Bb4 f4 53. exf4 exf4 54. Re1 fxg3 55. Kxg3 Rf6 56. f3 gxf3 57. Rxf3 Rg8+ 58. Kf2 Rfg6 59. Re7 Rg2+ 60. Ke1 Rg1+ 61. Ke2 R8g2+ 62. Rf2 Rxf2+ 63. Kxf2 Rg4 64. Re6+ Kd7 65. Rh6 Rxh4 66. Rh7+ Kc6 67. Rh6+ Kd7 68. Rh7+ Kc6 1/2-1/2

[Event "SWE-ch Class 1 2019"]
[Site "Eskilstuna"]
[Date "2019.07.13"]
[Round "6.6"]
[White "Carlsson, Gustav"]
[Black "Arvidsson, Jonas"]
[Result "0-1"]
[ECO "A20"]
[WhiteElo "1982"]
[BlackElo "1965"]
[Annotator "NA"]
[PlyCount "96"]
[EventDate "2019.07.06"]
[EventType "tourn"]
[EventCountry "SWE"]
[SourceTitle "playchess.com"]
[Source "ChessBase"]
[SourceQuality "1"]
[TimeControl "40/5400+30:1800+30"]

1. c4 e5 2. g3 Nf6 3. Bg2 d5 4. cxd5 Nxd5 5. Nf3 Nc6 6. O-O Be6 7. d4 exd4 8. Nxd4 Nxd4 9. Qxd4 c6 10. Nc3 Nb4 11. Qe5 Qd6 12. Qa5 Qc5 13. Qc7 Qb6 14. Qxb6 axb6 15. a3 Na6 16. Bf4 Nc5 17. Ne4 Nxe4 18. Bxe4 b5 19. Rac1 Rc8 20. h4 Be7 21. Be5 O-O 22. b4 Bc4 23. Bf3 Rfd8 24. Rfd1 f6 25. Bc3 Ra8 26. Rxd8+ Rxd8 27. Kg2 Kf7 28. g4 g6 29. h5 g5 30. Kf1 Bd5 31. Bxd5+ Rxd5 32. e4 Rd8 33. Ke2 Ke6 34. Bb2 Rd7 35. Rc3 Bd6 36. Rd3 h6 37. f4 gxf4 38. Kf3 Be5 39. Rxd7 Kxd7 40. Bc1 Ke6 41. Ke2 b6 42. Kd3 c5 43. Ke2 Bd6 44. Kf3 c4 45. Bb2 Be5 46. Bc1 c3 47. Ke2 Bd6 48. Kf3 Bc7 0-1

[Event "SWE-ch Class 1 2019"]
[Site "Eskilstuna"]
[Date "2019.07.13"]
[Round "6.7"]
[White "Eriksson, Joel"]
[Black "Willinger, Tim"]
[Result "0-1"]
[ECO "D00"]
[WhiteElo "1998"]
[BlackElo "2053"]
[Annotator "NA"]
[PlyCount "102"]
[EventDate "2019.07.06"]
[EventType "tourn"]
[EventCountry "SWE"]
[SourceTitle "playchess.com"]
[Source "ChessBase"]
[SourceQuality "1"]
[TimeControl "40/5400+30:1800+30"]

1. d4 d5 2. Nc3 Nf6 3. Bf4 g6 4. e3 Bg7 5. h4 h5 6. Bd3 c5 7. dxc5 O-O 8. Qd2 Nc6 9. O-O-O Qa5 10. Kb1 e5 11. Bg5 Qxc5 12. f3 Be6 13. Nh3 Qb4 14. Nf2 d4 15. exd4 exd4 16. Nce4 Nxe4 17. Qxb4 Nxb4 18. Nxe4 Bxa2+ 19. Ka1 Nxd3 20. Kxa2 Nb4+ 21. Kb3 f5 22. Nc5 Nc6 23. Ne6 Rfc8 24. Rhe1 Re8 25. Nc7 Rxe1 26. Rxe1 Rc8 27. Nd5 Kf7 28. Nf4 Be5 29. Nd3 Bd6 30. Re2 b5 31. Bd2 a5 32. Bg5 a4+ 33. Ka2 Re8 34. Rxe8 Kxe8 35. Nf4 Bxf4 36. Bxf4 Kd7 37. Ka3 Ke6 38. b3 axb3 39. Kxb3 Ne7 40. Bb8 Nd5 41. g3 f4 42. gxf4 Kf5 43. Be5 Nxf4 44. Bxd4 Ng2 45. Bf2 Kf4 46. Kb4 Kxf3 47. Bd4 Nxh4 48. Kxb5 Nf5 49. Bf6 h4 50. c4 Nd6+ 51. Kc6 h3 0-1

[Event "SWE-ch Class 1 2019"]
[Site "Eskilstuna"]
[Date "2019.07.13"]
[Round "6.8"]
[White "Carnstam, Tomas"]
[Black "Thollin, Robert"]
[Result "1/2-1/2"]
[ECO "D94"]
[WhiteElo "1967"]
[BlackElo "1983"]
[Annotator "NA"]
[PlyCount "58"]
[EventDate "2019.07.06"]
[EventType "tourn"]
[EventCountry "SWE"]
[SourceTitle "playchess.com"]
[Source "ChessBase"]
[SourceQuality "1"]
[TimeControl "40/5400+30:1800+30"]

1. c4 c5 2. Nc3 Nf6 3. e3 g6 4. d4 cxd4 5. exd4 Bg7 6. Nf3 O-O 7. Bd3 d5 8. cxd5 Nxd5 9. O-O Nc6 10. Be3 Bg4 11. h3 Bxf3 12. Qxf3 Ndb4 13. Be4 f5 14. Bxc6 Nxc6 15. d5 Ne5 16. Qd1 Nc4 17. Qb3 Nxe3 18. fxe3 Bxc3 19. bxc3 b6 20. c4 Qd6 21. Qd3 Rac8 22. Rad1 Rf6 23. Rf4 Qc5 24. Kh1 Kg7 25. Rdf1 e5 26. dxe6 Rxe6 27. e4 Qxc4 28. Qd7+ Kh6 29. exf5 Re4 1/2-1/2

[Event "SWE-ch Class 1 2019"]
[Site "Eskilstuna"]
[Date "2019.07.13"]
[Round "6.9"]
[White "Johansson, Roland"]
[Black "Akerlund, Fredrik"]
[Result "1/2-1/2"]
[ECO "C18"]
[WhiteElo "2002"]
[BlackElo "1815"]
[Annotator "NA"]
[PlyCount "89"]
[EventDate "2019.07.06"]
[EventType "tourn"]
[EventCountry "SWE"]
[SourceTitle "playchess.com"]
[Source "ChessBase"]
[SourceQuality "1"]
[TimeControl "40/5400+30:1800+30"]

1. e4 e6 2. d4 d5 3. Nc3 Bb4 4. e5 c5 5. a3 Bxc3+ 6. bxc3 Nc6 7. Qg4 Nge7 8. Qxg7 Rg8 9. Qxh7 cxd4 10. f4 dxc3 11. Ne2 Qc7 12. Rb1 Bd7 13. Qd3 d4 14. Nxd4 Nxd4 15. Qxd4 Nd5 16. Rg1 Qa5 17. Rxb7 Bc6 18. Rb1 O-O-O 19. Qc4 Kc7 20. Bd3 Rb8 21. Rb3 Rxb3 22. cxb3 Qb6 23. Kf1 Ne3+ 24. Bxe3 Qxe3 25. Be2 Kb7 26. g4 Qh3+ 27. Ke1 Qxh2 28. Rf1 Qg3+ 29. Rf2 Rd8 30. Qa6+ Kc7 31. Qxa7+ Bb7 32. Ba6 Qg1+ 33. Bf1 Qxg4 34. Qa5+ Kc8 35. Qxc3+ Kb8 36. Be2 Qg1+ 37. Rf1 Qg6 38. Qe3 Rc8 39. Rg1 Qb1+ 40. Kf2 Qh7 41. Bd3 Qh2+ 42. Kf1 Qb2 43. Bc4 Rd8 44. Be2 Rh8 45. Bc4 1/2-1/2

[Event "SWE-ch Class 1 2019"]
[Site "Eskilstuna"]
[Date "2019.07.13"]
[Round "6.10"]
[White "Grundel, Sam"]
[Black "Karlsson, Roger"]
[Result "1/2-1/2"]
[ECO "B06"]
[WhiteElo "2069"]
[BlackElo "1915"]
[Annotator "NA"]
[PlyCount "60"]
[EventDate "2019.07.06"]
[EventType "tourn"]
[EventCountry "SWE"]
[SourceTitle "playchess.com"]
[Source "ChessBase"]
[SourceQuality "1"]
[TimeControl "40/5400+30:1800+30"]

1. e4 g6 2. d4 Bg7 3. f4 c5 4. Nf3 cxd4 5. Nxd4 Nc6 6. Nb3 d6 7. Nc3 a6 8. Be3 Nf6 9. Be2 b5 10. a3 Bb7 11. Qd2 Rc8 12. O-O Na5 13. Nxa5 Qxa5 14. Bf3 Qc7 15. Rad1 O-O 16. Bd4 Rfd8 17. Qf2 Nd7 18. Rd2 Bxd4 19. Qxd4 Qc5 20. Rfd1 Qxd4+ 21. Rxd4 Nb6 22. e5 Bxf3 23. gxf3 d5 24. Nxd5 Nxd5 25. Rxd5 Rxd5 26. Rxd5 Rxc2 27. Rd8+ Kg7 28. Ra8 Rxb2 29. Rxa6 Ra2 30. Ra5 f5 1/2-1/2

[Event "SWE-ch Class 1 2019"]
[Site "Eskilstuna"]
[Date "2019.07.14"]
[Round "7.1"]
[White "Attefall, Fredrik"]
[Black "Bernhard, Jonathan"]
[Result "1/2-1/2"]
[ECO "B01"]
[WhiteElo "2077"]
[BlackElo "1917"]
[Annotator "NA"]
[PlyCount "50"]
[EventDate "2019.07.06"]
[EventType "tourn"]
[EventCountry "SWE"]
[SourceTitle "playchess.com"]
[Source "ChessBase"]
[SourceQuality "1"]
[TimeControl "40/5400+30:1800+30"]

1. e4 Nc6 2. d4 d5 3. exd5 Qxd5 4. Nf3 Bg4 5. Nc3 Qh5 6. Be2 Nf6 7. O-O $11 O-O-O 8. h3 Nxd4 9. Nxd4 Bxe2 10. Ncxe2 e5 11. c3 Bc5 12. Qa4 exd4 13. Nxd4 Rhe8 14. Nf3 Ne4 15. b4 Bb6 16. c4 c5 17. Be3 g5 18. bxc5 Nxc5 19. Qb5 Rxe3 20. fxe3 g4 21. hxg4 Qxg4 22. Nd4 Rxd4 23. exd4 Qxd4+ 24. Kh1 Qh4+ 25. Kg1 Qd4+ 1/2-1/2

[Event "SWE-ch Class 1 2019"]
[Site "Eskilstuna"]
[Date "2019.07.14"]
[Round "7.2"]
[White "Halvarsson, Peter"]
[Black "Bjorkman, Filip"]
[Result "1/2-1/2"]
[ECO "B42"]
[WhiteElo "1903"]
[BlackElo "1956"]
[Annotator "NA"]
[PlyCount "34"]
[EventDate "2019.07.06"]
[EventType "tourn"]
[EventCountry "SWE"]
[SourceTitle "playchess.com"]
[Source "ChessBase"]
[SourceQuality "1"]
[TimeControl "40/5400+30:1800+30"]

1. e4 e6 2. d4 c5 3. Nf3 cxd4 4. Nxd4 a6 5. Bd3 Nc6 6. Nxc6 bxc6 7. Be3 Rb8 8. O-O Rxb2 9. Nd2 Rb8 10. e5 d5 11. exd6 Bxd6 12. Nc4 Bc7 13. Qf3 Nf6 14. Qxc6+ Bd7 15. Qc5 Bc8 16. Qc6+ Bd7 17. Qc5 Bc8 1/2-1/2

[Event "SWE-ch Class 1 2019"]
[Site "Eskilstuna"]
[Date "2019.07.14"]
[Round "7.3"]
[White "Forsberg, Andre"]
[Black "Lyngsjo, Hakan"]
[Result "1/2-1/2"]
[ECO "B04"]
[WhiteElo "1982"]
[BlackElo "2029"]
[Annotator "NA"]
[PlyCount "21"]
[EventDate "2019.07.06"]
[EventType "tourn"]
[EventCountry "SWE"]
[SourceTitle "playchess.com"]
[Source "ChessBase"]
[SourceQuality "1"]
[TimeControl "40/5400+30:1800+30"]

1. e4 Nf6 2. e5 Nd5 3. d4 d6 4. Nf3 dxe5 5. Nxe5 Nd7 6. Nxf7 Kxf7 7. Qh5+ Ke6 8. Qg4+ Kf7 9. Qh5+ Ke6 10. Qg4+ Kf7 11. Qh5+ 1/2-1/2

[Event "SWE-ch Class 1 2019"]
[Site "Eskilstuna"]
[Date "2019.07.14"]
[Round "7.4"]
[White "Nordstrom, Felix"]
[Black "Kardell, Mathias"]
[Result "1/2-1/2"]
[ECO "A84"]
[WhiteElo "2064"]
[BlackElo "2064"]
[Annotator "NA"]
[PlyCount "60"]
[EventDate "2019.07.06"]
[EventType "tourn"]
[EventCountry "SWE"]
[SourceTitle "playchess.com"]
[Source "ChessBase"]
[SourceQuality "1"]
[TimeControl "40/5400+30:1800+30"]

1. d4 d5 2. c4 e6 3. Nc3 c6 4. e3 f5 5. Bd3 Nf6 6. Nge2 Bd6 7. O-O O-O 8. f3 Qc7 9. g3 Qf7 10. Bd2 Kh8 11. e4 dxe4 12. fxe4 Qh5 13. Kg2 fxe4 14. Nxe4 Nxe4 15. Bxe4 e5 16. Rxf8+ Bxf8 17. Bf3 Bh3+ 18. Kf2 Qf7 19. Ng1 Be6 20. dxe5 Nd7 21. Bc3 Bxc4 22. Kg2 Bc5 23. Nh3 Nb6 24. b3 Nd5 25. Bd4 Bf1+ 26. Kxf1 Bxd4 27. Qxd4 Qxf3+ 28. Kg1 Ne3 29. Qd2 Rf8 30. Qf2 Kg8 1/2-1/2

[Event "SWE-ch Class 1 2019"]
[Site "Eskilstuna"]
[Date "2019.07.14"]
[Round "7.5"]
[White "Willinger, Tim"]
[Black "Muganlinskij, Hussein"]
[Result "1/2-1/2"]
[ECO "D90"]
[WhiteElo "2053"]
[BlackElo "2022"]
[Annotator "NA"]
[PlyCount "81"]
[EventDate "2019.07.06"]
[EventType "tourn"]
[EventCountry "SWE"]
[SourceTitle "playchess.com"]
[Source "ChessBase"]
[SourceQuality "1"]
[TimeControl "40/5400+30:1800+30"]

1. d4 d5 2. c4 c6 3. Nc3 Nf6 4. cxd5 cxd5 5. Bf4 Nc6 6. e3 g6 7. Bd3 Bg7 8. h3 O-O 9. Nf3 Nd7 10. Be2 e5 11. dxe5 Ndxe5 12. O-O Nc4 13. Rc1 Nxb2 14. Qxd5 Be6 15. Qb5 Qb6 16. Ng5 Qxb5 17. Bxb5 Bc4 18. Bxc4 Nxc4 19. Nce4 N6e5 20. Bxe5 Nxe5 21. Rc7 h6 22. Nf3 Nxf3+ 23. gxf3 b5 24. Rd1 Rfc8 25. Rb7 Rcb8 26. Rdd7 Rxb7 27. Rxb7 a6 28. Nc5 b4 29. f4 a5 30. Nd7 Bc3 31. Nb6 Rd8 32. Ra7 Kg7 33. Nd7 a4 34. Nc5 Rd1+ 35. Kg2 a3 36. Ne4 Ra1 37. Nd6 Rxa2 38. Rxf7+ Kg8 39. Rb7 Rd2 40. Nc4 a2 41. Ra7 1/2-1/2

[Event "SWE-ch Class 1 2019"]
[Site "Eskilstuna"]
[Date "2019.07.14"]
[Round "7.6"]
[White "Arvidsson, Jonas"]
[Black "Thollin, Robert"]
[Result "0-1"]
[ECO "B08"]
[WhiteElo "1965"]
[BlackElo "1983"]
[Annotator "NA"]
[PlyCount "94"]
[EventDate "2019.07.06"]
[EventType "tourn"]
[EventCountry "SWE"]
[SourceTitle "playchess.com"]
[Source "ChessBase"]
[SourceQuality "1"]
[TimeControl "40/5400+30:1800+30"]

1. e4 d6 2. d4 Nf6 3. Nc3 g6 4. Nf3 Bg7 5. Be3 O-O 6. Qd2 Nc6 7. d5 Nb8 8. Bh6 c6 9. O-O-O Qa5 10. Kb1 Re8 11. h4 Bg4 12. h5 Bxh5 13. Qg5 Bh8 14. Rh4 Bxf3 15. gxf3 Nbd7 16. Qe3 Rac8 17. f4 Qb6 18. Qxb6 Nxb6 19. Bh3 Rcd8 20. dxc6 bxc6 21. f5 Rb8 22. fxg6 hxg6 23. f4 Nc4 24. b3 Bg7 25. Kc1 Bxh6 26. Rxh6 Kg7 27. Rh4 Nb6 28. e5 dxe5 29. fxe5 Nfd5 30. Nxd5 cxd5 31. Rf4 e6 32. Rdf1 Re7 33. Re1 Rh8 34. Bg2 Rh5 35. c4 Rc7 36. Bf1 Nd7 37. Kb1 dxc4 38. Bxc4 Rxe5 39. Rh1 Rh5 40. Rg1 Nb6 41. Bd3 Nd5 42. Rf2 Rd7 43. Bc2 f5 44. Re1 Kf6 45. Kb2 g5 46. Bd1 Rh4 47. Rfe2 Nf4 0-1

[Event "SWE-ch Class 1 2019"]
[Site "Eskilstuna"]
[Date "2019.07.14"]
[Round "7.7"]
[White "Magnussen, Pal"]
[Black "Jonsson, Krister"]
[Result "1-0"]
[ECO "C01"]
[WhiteElo "1985"]
[BlackElo "2068"]
[Annotator "NA"]
[PlyCount "59"]
[EventDate "2019.07.06"]
[EventType "tourn"]
[EventCountry "SWE"]
[SourceTitle "playchess.com"]
[Source "ChessBase"]
[SourceQuality "1"]
[TimeControl "40/5400+30:1800+30"]

1. e4 e6 2. d4 d5 3. exd5 exd5 4. c4 Nf6 5. Nf3 Be7 6. Nc3 O-O 7. cxd5 Nxd5 8. Bd3 Nc6 9. O-O Bg4 10. h3 Be6 11. Bb1 Nxc3 12. bxc3 g6 13. Bf4 Na5 14. Be4 c6 15. Qc2 Bd6 16. Bh6 Re8 17. Rad1 Nc4 18. Bd3 Qa5 19. Rfe1 Qh5 20. Qc1 Bf8 21. Bxf8 Kxf8 22. Rxe6 Rxe6 23. Bxc4 Re7 24. Qa3 Rae8 25. Re1 b5 26. Bb3 Qf5 27. Rxe7 Rxe7 28. Qd6 Qe4 29. Qf6 Ke8 30. Ne5 1-0

[Event "SWE-ch Class 1 2019"]
[Site "Eskilstuna"]
[Date "2019.07.14"]
[Round "7.8"]
[White "Akerlund, Fredrik"]
[Black "Carlsson, Gustav"]
[Result "1/2-1/2"]
[ECO "A25"]
[WhiteElo "1815"]
[BlackElo "1982"]
[Annotator "NA"]
[PlyCount "95"]
[EventDate "2019.07.06"]
[EventType "tourn"]
[EventCountry "SWE"]
[SourceTitle "playchess.com"]
[Source "ChessBase"]
[SourceQuality "1"]
[TimeControl "40/5400+30:1800+30"]

1. c4 e5 2. g3 Nc6 3. Bg2 g6 4. e3 Bg7 5. Ne2 Nge7 6. Nbc3 O-O 7. O-O d6 8. d4 exd4 9. Nxd4 Bd7 10. b3 Qc8 11. Bb2 Bh3 12. Qd2 h5 13. Rad1 Bxg2 14. Kxg2 h4 15. f3 hxg3 16. hxg3 Re8 17. Nxc6 Nxc6 18. Nd5 Ne5 19. e4 c6 20. Ne3 Rd8 21. f4 Ng4 22. Bxg7 Kxg7 23. f5 Nxe3+ 24. Qxe3 f6 25. Rh1 g5 26. Qf3 Rh8 27. Rxh8 Qxh8 28. Rxd6 Rd8 29. Qd3 Rxd6 30. Qxd6 Qe8 31. Qd4 Qh5 32. Qf2 Qd1 33. Qxa7 Qe2+ 34. Qf2 Qxe4+ 35. Qf3 Qc2+ 36. Kh3 Qxa2 37. Qh5 Qa1 38. Qg6+ Kf8 39. Qh6+ Ke7 40. Qg7+ Kd6 41. Qxb7 Qh1+ 42. Kg4 Qe4+ 43. Kh5 Qxf5 44. Qb8+ Kc5 45. Qf8+ Kb6 46. Qb8+ Ka6 47. Qa8+ Kb6 48. Qb8+ 1/2-1/2

[Event "SWE-ch Class 1 2019"]
[Site "Eskilstuna"]
[Date "2019.07.14"]
[Round "7.9"]
[White "Carnstam, Tomas"]
[Black "Eriksson, Joel"]
[Result "0-1"]
[ECO "A40"]
[WhiteElo "1967"]
[BlackElo "1998"]
[Annotator "NA"]
[PlyCount "60"]
[EventDate "2019.07.06"]
[EventType "tourn"]
[EventCountry "SWE"]
[SourceTitle "playchess.com"]
[Source "ChessBase"]
[SourceQuality "1"]
[TimeControl "40/5400+30:1800+30"]

1. c4 b6 2. d4 Bb7 3. Nc3 e6 4. e4 Bb4 5. Qd3 Qh4 6. d5 Nf6 7. Bd2 Bxc3 8. Bxc3 Qxe4+ 9. Qxe4 Nxe4 10. Bxg7 Rg8 11. Be5 d6 12. Bd4 exd5 13. f3 Nc5 14. Kf2 Nbd7 15. b4 Ne6 16. Bb2 O-O-O 17. Rd1 Ne5 18. cxd5 Nf4 19. a3 Nxd5 20. Rd4 Rde8 21. g3 c5 22. bxc5 dxc5 23. Re4 f6 24. Bb5 Re7 25. Bxe5 fxe5 26. Bc4 Rd8 27. Rh4 Nc3 28. Ne2 Nd1+ 29. Kg2 e4 30. Kh3 Nf2+ 0-1